APP
SAN FRANCISCO (APP) GIANTS @ KINGSPORT METS
09/29/2049
 
TOP OF THE 1ST
San Francisco (APP) Giants batting - Pitching for Kingsport Mets : RHP Ryan Egan
Pitching: RHP Ryan Egan
Batting: RHB Coen Dirks 0-0: Ball
1-0: Fly out, F8 (Flyball, 8LM, EV 95.6 MPH)
Batting: RHB Tsugio Yamaguchi 0-0: Ball
1-0: Foul Ball, location: 2F
1-1: Foul Ball, location: 2F
1-2: Ground out 1-3 (Groundball, 25, EV 69.4 MPH)
Batting: RHB Alex Peguero 0-0: Called Strike
0-1: Ground out 6-3 (Groundball, 6, EV 90.0 MPH)
Top of the 1st over - 0 runs, 0 hits, 0 errors, 0 left on base; San Francisco (APP) 0 - Kingsport 0
BOTTOM OF THE 1ST
Kingsport Mets batting - Pitching for San Francisco (APP) Giants : LHP Matt DeGrado
Pitching: LHP Matt DeGrado
Batting: RHB Craig Alvarado 0-0: Fly out, F4 (Popup, 34, EV 63.1 MPH)
Batting: LHB Randolph Brodbeck 0-0: Ball
1-0: SINGLE (Groundball, 6M, EV 103.1 MPH)
Batting: RHB Eric Zylstra Pickoff Play to 1st, Runner tries for 2nd, OUT after rundown.
0-0: Ball
1-0: Ground out 1-3 (Groundball, 34S, EV 66.2 MPH)
Bottom of the 1st over - 0 runs, 1 hit, 0 errors, 0 left on base; San Francisco (APP) 0 - Kingsport 0
TOP OF THE 2ND
San Francisco (APP) Giants batting - Pitching for Kingsport Mets : RHP Ryan Egan
Batting: RHB Zach Maguire 0-0: Ball
1-0: Fly out, F9 (Flyball, 89D, EV 104.4 MPH)
Batting: LHB Kuan Hsia 0-0: Foul Ball, location: 2F
0-1: Ball
1-1: Ball
2-1: Ball
3-1: Base on Balls
Batting: RHB Jaime Rios 0-0: Ball
1-0: Swinging Strike
1-1: Foul Ball, location: 2F
1-2: Foul Ball, location: 2F
1-2: Foul Ball, location: 2F
1-2: Ball
2-2: Strikes out swinging
Batting: RHB Noe Oliva 0-0: Ball
1-0: Reached on error, E4 (Groundball, 4, EV 82.5 MPH)
Kuan Hsia to second
Batting: RHB Azeem bin Zuhair 0-0: Called Strike
0-1: Ball
1-1: Ball
2-1: Ball
3-1: Base on Balls
Kuan Hsia to third
Noe Oliva to second
Batting: RHB Chris Kulik 0-0: Ball
1-0: Fly out, F8 (Flyball, 8RXD, EV 102.5 MPH)
Top of the 2nd over - 0 runs, 0 hits, 1 error, 3 left on base; San Francisco (APP) 0 - Kingsport 0
BOTTOM OF THE 2ND
Kingsport Mets batting - Pitching for San Francisco (APP) Giants : LHP Matt DeGrado
Batting: RHB Juan Medina 0-0: Called Strike
0-1: Called Strike
0-2: Ball
1-2: Ball
2-2: Ball
3-2: Base on Balls
Batting: RHB Dan Muse 0-0: Foul Ball, location: 2F
0-1: Swinging Strike
0-2: Ball
1-2: Foul Ball, location: 2F
1-2: Ball
2-2: Ball
3-2: Base on Balls
Juan Medina to second
Batting: RHB Artyom Shavkunov 0-0: Called Strike
0-1: Ball
1-1: Swinging Strike
1-2: 3-RUN HOME RUN (Flyball, 78XD, EV 106.2 MPH), Distance : 409 ft
Batting: RHB Coltin Nellis 0-0: Called Strike
0-1: Ball
1-1: SINGLE (Groundball, 4MD, EV 103.8 MPH)
Batting: RHB Chris Artz 0-0: Ball
1-0: Ball
2-0: Swinging Strike
2-1: Foul Ball, location: 2F
2-2: Foul Ball, location: 2F
2-2: Ball
3-2: Base on Balls
Coltin Nellis to second
Batting: RHB Kyle Verkamp 0-0: Called Strike
0-1: SINGLE (Groundball, 6S, EV 63.8 MPH) (infield hit)
Coltin Nellis to third
Chris Artz to second
Batting: RHB Craig Alvarado 0-0: Called Strike
0-1: Ball
1-1: Grounds into double play, 6-4-3 (Groundball, 6, EV 105.0 MPH)
Coltin Nellis scores
Chris Artz to third
Batting: LHB Randolph Brodbeck 0-0: Ball
1-0: Called Strike
1-1: 2-RUN HOME RUN (Flyball, 9D, EV 96.9 MPH), Distance : 378 ft
Batting: RHB Eric Zylstra 0-0: Called Strike
0-1: Called Strike
0-2: Ground out U3 (Groundball, 34, EV 101.9 MPH)
Bottom of the 2nd over - 6 runs, 4 hits, 0 errors, 0 left on base; San Francisco (APP) 0 - Kingsport 6
TOP OF THE 3RD
San Francisco (APP) Giants batting - Pitching for Kingsport Mets : RHP Ryan Egan
Batting: RHB Coen Dirks 0-0: Called Strike
0-1: Fly out, F9 (Flyball, 9LM, EV 93.8 MPH)
Batting: RHB Tsugio Yamaguchi 0-0: Ball
1-0: Called Strike
1-1: Ball
2-1: Ball
3-1: Base on Balls
Batting: RHB Alex Peguero 0-0: Called Strike
0-1: Ball
Wild Pitch!
Tsugio Yamaguchi to second
1-1: Ground out U3 (Groundball, 3, EV 86.9 MPH)
Tsugio Yamaguchi to third
Batting: RHB Zach Maguire 0-0: Ball
1-0: Swinging Strike
1-1: Called Strike
1-2: Ground out 6-3 (Groundball, 6, EV 89.4 MPH)
Top of the 3rd over - 0 runs, 0 hits, 0 errors, 1 left on base; San Francisco (APP) 0 - Kingsport 6
BOTTOM OF THE 3RD
Kingsport Mets batting - Pitching for San Francisco (APP) Giants : LHP Matt DeGrado
Batting: RHB Juan Medina 0-0: Ball
1-0: Ball
2-0: Swinging Strike
2-1: Ball
3-1: Base on Balls
Pitching: LHP Justin Tidwell
Batting: RHB Dan Muse 0-0: TRIPLE (Flyball, 8LXD, EV 98.1 MPH)
Juan Medina scores
Batting: RHB Artyom Shavkunov 0-0: Foul Ball, location: 2F
0-1: Ball
1-1: Reached on error, E6 (Groundball, 6, EV 96.2 MPH)
Dan Muse scores
Batting: RHB Coltin Nellis 0-0: SINGLE (Groundball, 6MD, EV 101.2 MPH)
Artyom Shavkunov to third
Batting: RHB Chris Artz 0-0: Called Strike
0-1: Foul Ball, location: 2F
0-2: Ball
1-2: Foul Ball, location: 2F
1-2: Foul Ball, location: 2F
1-2: Ball
2-2: Foul Ball, location: 2F
2-2: Strikes out looking
Batting: RHB Kyle Verkamp 0-0: Ball
1-0: Swinging Strike
1-1: Called Strike
1-2: Strikes out looking
Batting: RHB Craig Alvarado 0-0: Ball
1-0: Foul Ball, location: 2F
1-1: Foul Ball, location: 2F
1-2: Strikes out swinging
Bottom of the 3rd over - 2 runs, 2 hits, 1 error, 2 left on base; San Francisco (APP) 0 - Kingsport 8
TOP OF THE 4TH
San Francisco (APP) Giants batting - Pitching for Kingsport Mets : RHP Ryan Egan
Batting: LHB Kuan Hsia 0-0: Called Strike
0-1: Ball
1-1: Ball
2-1: Ball
3-1: Base on Balls
Batting: RHB Jaime Rios 0-0: Called Strike
0-1: Ball
1-1: Ball
2-1: Foul Ball, location: 2F
2-2: Fly out, F7 (Flyball, 7D, EV 94.4 MPH)
Batting: RHB Noe Oliva 0-0: Called Strike
0-1: Ball
1-1: Foul Ball, location: 2F
1-2: Foul Ball, location: 2F
1-2: Foul Ball, location: 2F
1-2: Fly out, F8 (Flyball, 8LM, EV 90.6 MPH)
Batting: RHB Azeem bin Zuhair 0-0: Ball
1-0: Ball
2-0: Fly out, F3 (Popup, 3, EV 68.1 MPH)
Top of the 4th over - 0 runs, 0 hits, 0 errors, 1 left on base; San Francisco (APP) 0 - Kingsport 8
BOTTOM OF THE 4TH
Kingsport Mets batting - Pitching for San Francisco (APP) Giants : LHP Justin Tidwell
Batting: LHB Randolph Brodbeck 0-0: Foul Ball, location: 2F
0-1: Ball
1-1: Swinging Strike
1-2: SOLO HOME RUN (Flyball, 9D, EV 92.5 MPH), Distance : 366 ft
Batting: RHB Eric Zylstra 0-0: Ball
1-0: Swinging Strike
1-1: Foul Ball, location: 2F
1-2: Strikes out swinging
Batting: RHB Juan Medina 0-0: Swinging Strike
0-1: Ball
1-1: SOLO HOME RUN (Flyball, 7D, EV 97.5 MPH), Distance : 368 ft
Batting: RHB Dan Muse 0-0: Ball
1-0: Ball
2-0: Foul Ball, location: 2F
2-1: Swinging Strike
2-2: Ball
3-2: Fly out, F8 (Flyball, 8RM, EV 97.5 MPH)
Batting: RHB Artyom Shavkunov 0-0: Called Strike
0-1: Ground out 5-3 (Groundball, 5, EV 85.6 MPH)
Bottom of the 4th over - 2 runs, 2 hits, 0 errors, 0 left on base; San Francisco (APP) 0 - Kingsport 10
TOP OF THE 5TH
San Francisco (APP) Giants batting - Pitching for Kingsport Mets : RHP Ryan Egan
Batting: RHB Chris Kulik 0-0: Ball
1-0: Swinging Strike
1-1: Foul Ball, location: 2F
1-2: SINGLE (Line Drive, 7LS, EV 98.1 MPH)
Batting: RHB Coen Dirks 0-0: Ball
1-0: Ball
2-0: Ball
3-0: Base on Balls
Chris Kulik to second
Batting: RHB Tsugio Yamaguchi 0-0: Ball
1-0: Ball
2-0: Ball
3-0: Base on Balls
Chris Kulik to third
Coen Dirks to second
Batting: RHB Alex Peguero 0-0: Foul Ball, location: 2F
0-1: GRAND SLAM HOME RUN (Flyball, 7D, EV 95.6 MPH), Distance : 384 ft
Batting: RHB Zach Maguire 0-0: Called Strike
0-1: Ball
1-1: Called Strike
1-2: Foul Ball, location: 2F
1-2: Foul Ball, location: 2F
1-2: Strikes out looking
Batting: LHB Kuan Hsia 0-0: Ball
1-0: Called Strike
1-1: Ball
2-1: Called Strike
2-2: Strikes out looking
Batting: RHB Jaime Rios 0-0: Ball
1-0: Ball
2-0: Ball
3-0: Called Strike
3-1: Base on Balls
Batting: RHB Noe Oliva 0-0: Ball
1-0: Ball
2-0: Foul Ball, location: 2F
2-1: Foul Ball, location: 2F
2-2: SINGLE (Groundball, 56D, EV 96.2 MPH)
Jaime Rios to second
Jaime Rios to third
Batting: RHB Azeem bin Zuhair 0-0: Called Strike
0-1: Swinging Strike
0-2: Strikes out looking
Top of the 5th over - 4 runs, 3 hits, 0 errors, 2 left on base; San Francisco (APP) 4 - Kingsport 10
BOTTOM OF THE 5TH
Kingsport Mets batting - Pitching for San Francisco (APP) Giants : LHP Justin Tidwell
Batting: RHB Coltin Nellis 0-0: Called Strike
0-1: Swinging Strike
0-2: Ground out 6-3 (Groundball, 6, EV 105.0 MPH)
Batting: RHB Chris Artz 0-0: Called Strike
0-1: Foul Ball, location: 2F
0-2: Foul Ball, location: 2F
0-2: Ball
1-2: Ball
2-2: Fly out, F3 (Popup, 3SF, EV 87.5 MPH)
Batting: RHB Kyle Verkamp 0-0: Ball
1-0: Ball
2-0: Called Strike
2-1: Ball
3-1: Base on Balls
Pitching: RHP François Leclerc
Batting: RHB Craig Alvarado 0-0: Ball
1-0: Ball
2-0: Called Strike
2-1: Foul Ball, location: 2F
2-2: Ball
3-2: Foul Ball, location: 2F
3-2: Base on Balls
Kyle Verkamp to second
Batting: LHB Randolph Brodbeck 0-0: Ball
1-0: Foul Ball, location: 2F
1-1: Ball
2-1: Ground out 4-3 (Groundball, 4S, EV 80.6 MPH)
Bottom of the 5th over - 0 runs, 0 hits, 0 errors, 2 left on base; San Francisco (APP) 4 - Kingsport 10
TOP OF THE 6TH
San Francisco (APP) Giants batting - Pitching for Kingsport Mets : RHP Ryan Egan
Pitching: RHP Chris Hannah
Batting: RHB Chris Kulik 0-0: Ball
1-0: Foul Ball, location: 2F
1-1: Swinging Strike
1-2: Foul Ball, location: 2F
1-2: Strikes out looking
Batting: RHB Coen Dirks 0-0: TRIPLE (Flyball, 7D, EV 105.6 MPH)
Batting: RHB Tsugio Yamaguchi 0-0: Fly out, F9 (Flyball, 9, EV 95.6 MPH)
Runner from 3rd tags up, OUT at HOME! 9-2
Top of the 6th over - 0 runs, 1 hit, 0 errors, 0 left on base; San Francisco (APP) 4 - Kingsport 10
BOTTOM OF THE 6TH
Kingsport Mets batting - Pitching for San Francisco (APP) Giants : RHP François Leclerc
Batting: RHB Eric Zylstra 0-0: Swinging Strike
0-1: DOUBLE (Line Drive, 8LXD, EV 110.0 MPH)
Batting: RHB Juan Medina 0-0: Foul Ball, location: 2F
0-1: Ball
1-1: DOUBLE (Line Drive, 3D, EV 97.5 MPH)
Eric Zylstra scores
Batting: RHB Dan Muse 0-0: Ball
1-0: Foul Ball, location: 2F
1-1: Ball
2-1: Ball
3-1: Base on Balls
Batting: RHB Artyom Shavkunov 0-0: Ball
1-0: Grounds into double play, 6-4-3 (Groundball, 56, EV 86.2 MPH)
Juan Medina to third
Batting: RHB Coltin Nellis 0-0: Called Strike
0-1: Ball
Wild Pitch!
Juan Medina scores
1-1: Swinging Strike
1-2: Strikes out swinging
Bottom of the 6th over - 2 runs, 2 hits, 0 errors, 0 left on base; San Francisco (APP) 4 - Kingsport 12
TOP OF THE 7TH
San Francisco (APP) Giants batting - Pitching for Kingsport Mets : RHP Chris Hannah
Batting: RHB Alex Peguero 0-0: Fly out, F9 (Flyball, 89M, EV 78.8 MPH)
Batting: RHB Zach Maguire 0-0: Called Strike
0-1: Ball
1-1: Foul Ball, location: 2F
1-2: Ball
2-2: Ball
3-2: Base on Balls
Batting: LHB Kuan Hsia 0-0: Ball
Zach Maguire steals 2nd base (no throw)
1-0: Foul Ball, location: 2F
1-1: Ball
2-1: Ball
3-1: Foul Ball, location: 2F
3-2: Base on Balls
Batting: RHB Jaime Rios 0-0: Grounds into double play, 6-4-3 (Groundball, 56D, EV 100.0 MPH)
Top of the 7th over - 0 runs, 0 hits, 0 errors, 1 left on base; San Francisco (APP) 4 - Kingsport 12
BOTTOM OF THE 7TH
Kingsport Mets batting - Pitching for San Francisco (APP) Giants : RHP François Leclerc
Pitching: RHP Josh Henderson
Pinch Hitting: RHB Isaiah Heath 0-0: Ball
1-0: Ball
2-0: Ball
3-0: Base on Balls
Batting: RHB Kyle Verkamp 0-0: Called Strike
0-1: SINGLE (Groundball, 6MD, EV 108.1 MPH)
Isaiah Heath to second
Batting: RHB Craig Alvarado 0-0: Swinging Strike
0-1: Ball
1-1: Foul Ball, location: 2F
1-2: Fly out, F8 (Flyball, 8RD, EV 97.5 MPH)
Batting: LHB Randolph Brodbeck 0-0: Ball
1-0: Foul Ball, location: 2F
1-1: SINGLE (Line Drive, 5D, EV 95.0 MPH)
Isaiah Heath to third
Kyle Verkamp to second
Runner from 3rd tries for Home, throw by LF and OUT! 7-2
Kyle Verkamp to third
Randolph Brodbeck to second
Batting: RHB Eric Zylstra 0-0: Swinging Strike
0-1: Ball
1-1: Foul Ball, location: 2F
1-2: Foul Ball, location: 2F
1-2: Ball
2-2: Foul Ball, location: 2F
2-2: Ball
3-2: Foul Ball, location: 2F
3-2: Strikes out looking
Bottom of the 7th over - 0 runs, 2 hits, 0 errors, 2 left on base; San Francisco (APP) 4 - Kingsport 12
TOP OF THE 8TH
San Francisco (APP) Giants batting - Pitching for Kingsport Mets : RHP Chris Hannah
Now at 1B: Isaiah Heath
Batting: RHB Noe Oliva 0-0: Called Strike
0-1: Foul Ball, location: 2F
0-2: Foul Ball, location: 2F
0-2: Ball
1-2: Strikes out swinging
Pinch Hitting: LHB Eddie Lemus 0-0: Called Strike
0-1: Ball
1-1: Foul Ball, location: 2F
1-2: Ground out 4-3 (Groundball, 34, EV 109.4 MPH)
Batting: RHB Chris Kulik 0-0: Ground out 5-3 (Groundball, 56S, EV 93.1 MPH)
Top of the 8th over - 0 runs, 0 hits, 0 errors, 0 left on base; San Francisco (APP) 4 - Kingsport 12
BOTTOM OF THE 8TH
Kingsport Mets batting - Pitching for San Francisco (APP) Giants : RHP Josh Henderson
Now in LF: Eddie Lemus
Batting: RHB Juan Medina 0-0: Foul Ball, location: 2F
0-1: Foul Ball, location: 2F
0-2: Fly out, F7 (Flyball, 7S, EV 75.6 MPH)
Batting: RHB Dan Muse 0-0: Called Strike
0-1: Called Strike
0-2: Strikes out looking
Batting: RHB Artyom Shavkunov 0-0: Called Strike
0-1: Called Strike
0-2: Ball
1-2: Ground out 5-3 (Groundball, 5, EV 86.9 MPH)
Bottom of the 8th over - 0 runs, 0 hits, 0 errors, 0 left on base; San Francisco (APP) 4 - Kingsport 12
TOP OF THE 9TH
San Francisco (APP) Giants batting - Pitching for Kingsport Mets : RHP Chris Hannah
Pinch Hitting: RHB Edwin Verdugo 0-0: Foul Ball, location: 2F
0-1: Ball
1-1: Foul Ball, location: 2F
1-2: Ground out 5-3 (Groundball, 56, EV 83.8 MPH)
Batting: RHB Tsugio Yamaguchi 0-0: SINGLE (Flyball, 5D, EV 89.4 MPH)
Batting: RHB Alex Peguero 0-0: Ball
1-0: Ball
2-0: Ball
3-0: Base on Balls
Tsugio Yamaguchi to second
Batting: RHB Zach Maguire 0-0: Ball
1-0: Ball
2-0: Ball
3-0: Called Strike
3-1: Swinging Strike
3-2: Base on Balls
Tsugio Yamaguchi to third
Alex Peguero to second
Pitching: LHP Antonio Davila
Pinch Hitting: RHB Vinny Torres 0-0: Ball
1-0: Ball
2-0: Called Strike
2-1: Ball
3-1: Called Strike
3-2: Base on Balls
Tsugio Yamaguchi scores
Alex Peguero to third
Zach Maguire to second
Pitching: RHP Justin Vallis
Batting: RHB Jaime Rios 0-0: Ball
1-0: SINGLE (Groundball, 6MD, EV 95.0 MPH)
Alex Peguero scores
Zach Maguire to third
Vinny Torres to second
Pinch Hitting: LHB Dennis Jones 0-0: Ball
Wild Pitch!
Zach Maguire scores
Vinny Torres to third
Jaime Rios to second
1-0: Foul Ball, location: 2F
1-1: Ball
2-1: SINGLE (Groundball, 6S, EV 61.9 MPH) (infield hit)
Vinny Torres scores
Jaime Rios to third
Pitching: RHP Emanuel Anochondo
Batting: LHB Eddie Lemus Balk!
Jaime Rios scores
Dennis Jones to second
0-0: Called Strike
0-1: Foul Ball, location: 2F
0-2: Ball
1-2: Foul Ball, location: 2F
1-2: Ball
2-2: Ball
Wild Pitch!
Dennis Jones to third
3-2: Ground out 4-3 (Groundball, 4, EV 88.1 MPH)
Dennis Jones scores
Pinch Hitting: LHB Chris West 0-0: Called Strike
0-1: Ball
1-1: Ground out 4-3 (Groundball, 4D, EV 101.2 MPH)
Top of the 9th over - 6 runs, 3 hits, 0 errors, 0 left on base; San Francisco (APP) 10 - Kingsport 12
Sunday, July 16th , 2023 - OOTP Baseball 24.6 Build 69